 Dungeon Crawl Stone Soup version 0.30-b1-2-g02819fbbbe (webtiles) character file.

Game seed: 15014436658387036331

51 snakesoul the Ducker (level 3, 0/16 HPs)
             Began as a Felid Transmuter on June 13, 2023.
             Slain by a gnoll
             ... wielding a +0 spear
              (6 damage)
             ... on level 5 of the Dungeon.
             The game lasted 00:02:34 (1788 turns).

snakesoul the Ducker (Felid Transmuter)             Turns: 1788, Time: 00:02:35

Health: 0/16       AC:  1    Str:  6    XL:     3   Next: 58%
Magic:  4/7        EV: 18    Int: 16    God:
Gold:   96         SH:  0    Dex: 16    Spells: 3/6 levels left
                                        Lives:  0   Deaths: 0

rFire   . .          .
                       - Unarmed
rCold   . . .        (shield unavailable)
rNeg    . . .        (body armour unavailable)
rPois   .            (helmet unavailable)
rElec   .            (cloak unavailable)
rCorr   .            (gloves unavailable)
SInv    +            (boots unavailable)
Will    .....        (no amulet)
Stlth   +            (no ring)
HPRegen 0.22/turn    (no ring)
MPRegen 0.10/turn

%: no passive effects
@: appendages, wereblooded, quick
A: horns 2, very small, claws 1, fangs 3, see invisible, speed 1, shaggy fur 1,
stealthy paws, no weapons or thrown items, no armour, multi-lived
a: End Transformation


You were on level 5 of the Dungeon.
You had temporarily grown beastly horns.
You visited 1 branch of the dungeon, and saw 5 of its levels.

You collected 96 gold pieces.

Inventory:

Scrolls
 b - 3 scrolls of identify {unknown}
 c - 2 scrolls of brand weapon {unknown}
 d - 2 scrolls of blinking {unknown}
 e - 2 scrolls of vulnerability {unknown}
 f - a scroll of noise {unknown}
 k - a scroll of summoning {unknown}
 l - a scroll of fear {unknown}
Potions
 a - a potion of lignification
 g - a potion of curing {unknown}
 h - a potion of brilliance {unknown}
 i - a potion of resistance {unknown}
 j - a potion of attraction {unknown}


   Skills:
 + Level 1.7 Fighting
 + Level 3.4 Dodging
 + Level 3.3 Unarmed Combat
 + Level 2.4 Spellcasting
 + Level 2.7 Transmutations


You had 3 spell levels left.
You knew the following spells:

 Your Spells              Type           Power      Damage    Failure   Level
a - Beastly Appendage     Tmut           20%        N/A       6%          1
b - Wereblood             Tmut           10%        N/A       10%         2

Your spell library contained the following spells:

 Spells                   Type           Power      Damage    Failure   Level
 Kiss of Death            Conj/Necr      4%         2d5       21%         1
 Spider Form              Tmut/Pois      6%         N/A       34%         3
 Confusing Touch          Hex            1%         N/A       52%         3
 Ice Form                 Ice/Tmut       6%         N/A       75%         4
 Dispel Undead            Necr           1%         3d6       89%         4


Dungeon Overview and Level Annotations

Branches:
Dungeon (6/15)
 Temple: D:4-7

Altars:

Shops:
D:2 *


Innate Abilities, Weirdness & Mutations

You have temporarily grown beastly horns.
You have sharp claws.
You have razor-sharp teeth.
You have supernaturally acute eyesight. (SInv)
You cover ground quickly. (Speed+)
You are covered in fur. (AC +1)
Your paws help you pounce on unaware monsters.
You are incapable of wielding weapons or throwing items.
You cannot wear armour.
You gain extra lives every three experience levels.


Message History

Where to? (Enter - D:3, ? - help)
There is a stone staircase leading up here.
You climb upwards.
The gnoll bouda shouts!
The jackal barks!
The gnoll shouts!
You hear a bark!
You hear a shout!
Found a scroll labelled YNWUXT VOAP and a scroll labelled GAMOTSIULO.
There is a stone staircase leading down here.
There are monsters nearby!
Casting: Wereblood (safe; 10% risk of failure)
Confirm with . or Enter, or press ? or * to list all spells.
You grow a pair of large bovine horns.
The hound barks!
The gnoll shouts!
You hear a shout!
A gnoll sergeant comes into view. It is wielding a +1 heavy spear.
You hear a shout!
You hear a bark!
Casting: Beastly Appendage (safe; 6% risk of failure)
Confirm with . or Enter, or press ? or * to list all spells.
Your blood is infused with primal strength.
A jackal comes into view.
A hound comes into view.
You barely miss the gnoll bouda. The hound bites you.
Unknown command.
You can't go up here!
The hound barks!
You scratch the gnoll bouda.
The gnoll bouda is lightly wounded.
The gnoll bouda completely misses you. The hound completely misses you.
The jackal misses you.
You closely miss the gnoll bouda.
You headbutt the gnoll bouda, but do no damage.
The gnoll bouda is lightly wounded.
The hound misses you.
The gnoll hits you from afar with a +0 spear.
The gnoll sergeant barely misses you. The jackal completely misses you.
The hound barely misses you.
Unknown command.
You scratch the gnoll bouda. You claw the gnoll bouda.
You bite the gnoll bouda, but do no damage.
The gnoll bouda is heavily wounded.
The jackal closely misses you. The gnoll bouda barely misses you.
The gnoll hits you from afar with a +0 spear.
You die...

#......
##.......
##........
###.........
##...........
..#............
#.......h......
#....g@h......
#...##.h......
#.? gg.g..... #
.g.##....#
...## #...#
#..# #..# ...
... .... ..


You could see 2 gnoll sergeants, a gnoll bouda, a hound, 2 gnolls and 2 jackals.

Vanquished Creatures
  An adder (D:2)
  A worm (D:2)
  A dart slug (D:1)
  4 ball pythons
  3 bats
  3 endoplasms
  6 goblins
  3 hobgoblins
  2 quokkas
  2 frilled lizards (D:1)
  5 kobolds (D:1)
  2 rats (D:2)
33 creatures vanquished.

Notes
Turn   | Place    | Note
-------+----------+-------------------------------------------
     0 | D:1      | snakesoul the Felid Transmuter began the quest for the Orb.
     0 | D:1      | Reached XP level 1. HP: 9/9 MP: 4/4
   174 | D:1      | Reached XP level 2. HP: 12/12 MP: 4/6
   184 | D:1      | Learned a level 2 spell: Wereblood
   932 | D:2      | Reached XP level 3. HP: 12/15 MP: 3/7
  1636 | D:2      | Found Fadok's General Store.
  1773 | D:3      | You fall into a shaft and drop 3 floors!
  1782 | D:5      | Entered Level 5 of the Dungeon
  1782 | D:5      | Noticed a gnoll sergeant
  1783 | D:5      | Noticed a gnoll sergeant
  1788 | D:5      | Slain by a gnoll

Illustrated notes

Levels and vault maps discovered:
D:1:      nicolae_arrival_washed_ashore, layout_loops_corners, minmay_cut_off
D:2:      layout_basic, serial_shops, nicolae_shop_tiny_glass
D:3:      layout_basic, worldfamousw_hep_ancestral_shrine,
          serial_co_window_serial, co_window_cross_1, co_window_paths_a,
          co_window_cross_1, co_window_paths_b, co_window_paths_b,
          co_window_corner_b, co_window_cross_3, co_window_cross_2,
          co_window_of_opportunity_b, glass_columns_a
D:5:      layout_cave_pods, vehumet_crystals, serial_gnoll_camp,
          gnoll_camp_mini_basic, gnoll_camp_huts_basic,
          gnoll_camp_mini_doghouse, gnoll_camp_mini_shop, uniq_prince_ribbit1
D:6:      layout_loops_ring, minmay_temple_entry_slanted, serial_glass,
          glass_columns_c, glass_columns_a, minmay_misc_feat_plants

Skill      XL: |  1  2 |
---------------+-------+-----
Dodging        | 3 |  3.4
Fighting       | |  1.7
Unarmed Combat | |  3.3
Spellcasting   | |  2.4
Transmutations | |  2.7

Action                     || total
---------------------------++-------
  Melee: Unarmed           ||    72
         Bite              ||     8
         Punch             ||     2
         Headbutt          ||     5
   Cast: Beastly Appendage ||    16
         Wereblood         ||     8
   Stab: Sleeping          ||     1
 Armour: Skin              ||     2
  Dodge: Dodged            ||    60
